 Dungeon Crawl Stone Soup version 0.19.5 (webtiles) character file.

228 Peloso the Covered (level 5, -2/47 HPs)
             Began as a Minotaur Fighter on May 11, 2017.
             Slain by an ice beast (4 damage)
             ... on level 3 of the Dungeon.
             The game lasted 00:09:06 (2284 turns).

Peloso the Covered (Minotaur Fighter)               Turns: 2284, Time: 00:09:07

Health: -2/47      AC: 14    Str: 20    XL:     5   Next: 70%
Magic:  4/4        EV:  4    Int:  5    God:
Gold:   121        SH:  9    Dex: 11    Spells: 0 memorised, 4 levels left

rFire  . . .     SeeInvis .     a - +0 long sword
rCold  . . .     Gourm    .     l - +0 plate armour
rNeg   . . .     Faith    .     c - +0 shield
rPois  .         Spirit   .     (helmet restricted)
rElec  .         Reflect  .     g - +0 cloak
rCorr  .         Harm     .     (no gloves)
MR     .....     Rnd*Tele +     m - +0 pair of boots
Stlth  ..........               (no amulet)
                                s - ring of teleportation (curse)
                                n - ring of flight

@: no status effects
A: retaliatory headbutt, horns 2
a: Evoke Flight


You were on level 3 of the Dungeon.
You were not hungry.

You visited 1 branch of the dungeon, and saw 4 of its levels.

You collected 121 gold pieces.

Inventory:

Hand Weapons
 a - a +0 long sword (weapon)
Armour
 b - a +0 scale mail
 c - a +0 shield (worn)
 g - a +0 cloak (worn)
 l - a +0 plate armour (worn)
 m - a +0 pair of boots (worn)
Jewellery
 n - a ring of flight (left hand)
 s - a cursed ring of teleportation (right hand)
Scrolls
 h - 2 scrolls of remove curse {unknown}
 i - a scroll of recharging {unknown}
 j - a scroll of fog {unknown}
 p - a scroll of amnesia {unknown}
 q - a scroll of blinking {unknown}
 r - 2 scrolls of immolation {unknown}
 v - 2 scrolls of identify {unknown}
 y - a scroll of fear {unknown}
Potions
 d - a potion of might
 e - 3 potions of heal wounds {unknown}
 k - 3 potions of ambrosia {unknown}
 t - a potion of cancellation {unknown}
 u - 2 potions of mutation {unknown}
Books
 o - a book of Maledictions

   Spells                             Type                      Level
   a - Corona                         Hexes                        1
   b - Ensorcelled Hibernation        Hexes/Ice                    2
   c - Confuse                        Hexes                        3
   d - Tukima's Dance                 Hexes                        3
   e - Dazzling Spray                 Conjuration/Hexes            3
 z - a book of Misfortune

   Spells                             Type                      Level
   a - Confusing Touch                Hexes                        1
   b - Confuse                        Hexes                        3
   c - Gell's Gravitas                Hexes/Translocation          3
   d - Petrify                        Transmutation/Earth          4
   e - Metabolic Englaciation         Hexes/Ice                    5
   f - Yara's Violent Unravelling     Hexes/Transmutation          5
Comestibles
 f - 5 bread rations
 w - a meat ration
 x - 3 chunks of flesh


   Skills:
 + Level 4.6 Fighting
 + Level 4.7 Long Blades
 + Level 5.1 Armour
 + Level 0.2 Dodging
 + Level 4.5 Shields


You had 4 spell levels left.
You didn't know any spells.

Dungeon Overview and Level Annotations

Branches:
Dungeon (4/15)
 Temple: D:4-7

Altars:
Ashenzari
Gozag
Hepliaklqana
Qazlal
Trog
Zin


Innate Abilities, Weirdness & Mutations

You reflexively headbutt those who attack you in melee.
You have a pair of horns on your head.


Message History

You hit the ice beast.
The ice beast is moderately wounded.
The ice beast hits you but does no damage. x2
You hit the ice beast. You headbutt the ice beast!
The ice beast is almost dead.
You block the ice beast's attack.
You hit the ice beast.
The ice beast is almost dead.
The ice beast hits you.
* * * LOW HITPOINT WARNING * * *
The ice beast freezes you!
* * * LOW HITPOINT WARNING * * *
Your shield and plate armour prevent you from hitting the ice beast.
You headbutt the ice beast, but do no damage.
The ice beast is almost dead.
The ice beast hits you but does no damage.
You barely miss the ice beast.
The ice beast is almost dead.
You block the ice beast's attack. The ice beast hits you.
You die...

######## #.....)# ##
#.####.# #. #.# #.# #.
#.# #.# ###########.
#.####.####.........#.
#.##>@....'.........'.
#.##Y######.........#.
#.##.# #.........#.
#.##.# ###########.
#.##.# #. #.##.# #.
#.##.# ## #....#
###..##############


You could see an ice beast.

Vanquished Creatures
  3 orc wizards (D:4)
  A worker ant (D:3)
  4 adders
  2 oozes
  A worm (D:3)
  A dart slug (D:1)
  5 leopard geckos
  7 orcs (D:4)
  5 bats
  3 giant cockroaches
  6 goblins
  2 hobgoblins (D:1)
  2 quokkas
  2 ball pythons (D:1)
  6 frilled lizards
  4 kobolds
  6 rats
60 creatures vanquished.

Vanquished Creatures (others)
  A wizard (D:3)
  The ghost of XMarksTheSpot the Poker, an amateur MfGl (D:4)
  A worm (D:4)
3 creatures vanquished.

Grand Total: 63 creatures vanquished

Notes
Turn   | Place    | Note
-------+----------+-------------------------------------------
     0 | D:1      | Peloso the Minotaur Fighter began the quest for the Orb.
     0 | D:1      | Reached XP level 1. HP: 19/19 MP: 0/0
   108 | D:1      | Reached XP level 2. HP: 27/27 MP: 1/1
   111 | D:1      | Reached skill level 4 in Armour
   653 | D:1      | Reached XP level 3. HP: 31/33 MP: 2/2
   897 | D:2      | Found a glowing silver altar of Zin.
  1296 | D:2      | Found a faded altar of an unknown god.
  1296 | D:2      | Found a shattered altar of Ashenzari.
  1303 | D:2      | Found a faded altar of an unknown god.
  1306 | D:2      | Found an opulent altar of Gozag.
  1307 | D:2      | Found a hazy altar of Hepliaklqana.
  1551 | D:3      | Reached XP level 4. HP: 35/40 MP: 3/3
  1783 | D:3      | Found a stormy altar of Qazlal.
  1950 | D:3      | Found a bloodstained altar of Trog.
  1951 | D:3      | Noticed a wizard
  1956 | D:3      | Killed a wizard
  2083 | D:4      | Killed XMarksTheSpot's ghost
  2110 | D:4      | Reached XP level 5. HP: 27/47 MP: 4/4
  2114 | D:4      | Reached skill level 5 in Armour
  2154 | D:4      | Noticed an ice beast
  2282 | D:3      | HP: 2/47 [ice beast (12)]
  2284 | D:3      | Slain by an ice beast

Skill      XL: |  1  2  3  4  5 |
---------------+----------------+-----
Armour         | 4 5 |  5.1
Fighting       | 4 |  4.6
Long Blades    | 3 4 |  4.7
Shields        | 4 |  4.5
Dodging        | |  0.2

Action                   |  1- 3 |  4- 6 || total
-------------------------+-------+-------++-------
Melee: Long sword        |   123 |    72 ||   195
       Headbutt          |    17 |    15 ||    32
  Eat: Chunk             |     2 |     3 ||     5
Armor: Scale mail        |    23 |       ||    23
       Plate armour      |    60 |    62 ||   122
Dodge: Dodged            |    25 |    15 ||    40
Block: Shield            |    58 |    44 ||   102
       Rpst.: Long sword |     8 |     5 ||    13
